 Dungeon Crawl Stone Soup version 0.27-a0-1186-g8b4daa1eef (webtiles) character file.

Game seed: 15599897047149405399

94 freelancePsychic the Skirmisher (level 4, -1/38 HPs)
             Began as a Demonspawn Chaos Knight on May 19, 2021.
             Was a Plaything of Xom.
             Slain by an iguana (3 damage)
             ... on level 4 of the Dungeon.
             The game lasted 00:06:35 (2382 turns).

freelancePsychic the Skirmisher (DsCK)              Turns: 2382, Time: 00:06:35

Health: -1/38      AC:  8    Str: 13    XL:     4   Next: 38%
Magic:  4/4        EV: 11    Int: 14    God:    Xom [*.....]
Gold:   70         SH:  0    Dex: 18    Spells: 3/3 levels left

rFire    . . .     SeeInvis .   a - +0 mace (chaos)
rCold    + . .     Faith    .   (no shield)
rNeg     . . .     Spirit   .   b - +2 leather armour
rPois    .         Reflect  .   (helmet restricted)
rElec    .         Harm     .   j - +2 cloak
rCorr    .         Rampage  .   (no gloves)
Will     +....                  (no boots)
Stlth    +.........             (no amulet)
HPRegen  0.12/turn              n - +6 ring of dexterity
MPRegen  0.09/turn              (no ring)

@: very slightly contaminated, invisible
A: antennae 1, ignite blood 1, cold resistance 1, strong-willed 1, passive
freeze, MP-powered wands
a: Renounce Religion


You were on level 4 of the Dungeon.
You worshipped Xom.
You were a special plaything of Xom.
You visited 1 branch of the dungeon, and saw 4 of its levels.

You collected 70 gold pieces.

Inventory:

Hand Weapons
 a - a +0 mace of chaos (weapon)
Missiles
 g - 13 poisoned darts (quivered)
Armour
 b - a +2 leather armour (worn)
 j - a +2 cloak (worn)
Jewellery
 h - an amulet of faith
 n - a +6 ring of dexterity (left hand)
Scrolls
 e - 2 scrolls of identify {@r1}
 i - a scroll of fear
 l - 2 scrolls of enchant weapon
Potions
 c - a potion of flight {unknown}
 f - a potion of lignification {unknown}
 k - a potion of brilliance
 m - a potion of invisibility {unknown}


   Skills:
 + Level 4.5 Fighting
 - Level 3.6 Maces & Flails
 - Level 1.7 Armour
 - Level 0.8 Dodging


You had 3 spell levels left.
You didn't know any spells.
Your spell library contained the following spells:

 Spells                   Type           Power      Damage    Failure   Level
 Summon Small Mammal      Summ           0%         N/A       36%         1
 Call Imp                 Summ           0%         N/A       50%         2
 Call Canine Familiar     Summ           0%         N/A       73%         3
 Summon Guardian Golem    Hex/Summ       0%         N/A       73%         3
 Summon Ice Beast         Ice/Summ       0%         N/A       98%         4
 Summon Lightning Spire   Summ/Air       0%         N/A       98%         4


Dungeon Overview and Level Annotations

Branches:
Dungeon (4/15)
 Temple: D:4-7

Altars:

Annotations:
D:3 Grinder


Innate Abilities, Weirdness & Mutations

You have a pair of small antennae on your head.
Your demonic aura sometimes causes spilled blood to erupt in flames.
Your flesh is cold resistant. (rC+)
You are strong-willed. (Will+)
A frigid envelope surrounds you and freezes all who hurt you.
You expend magic power (3 MP) to strengthen your wands.


Message History

Found a rapier.
You see here a +0 rapier.
Found 14 arrows.
An iguana and a hobgoblin come into view.
The iguana hisses angrily.
The hobgoblin shouts!
Xom smiles on you.
You fade into invisibility!
You are now a special plaything of Xom.
You are very lightly contaminated with residual magic.
You barely miss the hobgoblin. The hobgoblin completely misses you.
You hit the hobgoblin. You burn the hobgoblin.
The hobgoblin is heavily wounded.
The hobgoblin closely misses you.
You hit the hobgoblin but do no damage.
The hobgoblin is poisoned.
The hobgoblin is heavily wounded.
The hobgoblin closely misses you. The hobgoblin barely misses you.
You catch the helpless hobgoblin completely off-guard!
You hit the hobgoblin.
You kill the hobgoblin!
The iguana bites you!
You hit the iguana but do no damage. The iguana barely misses you.
The iguana bites you!
You hit the iguana.
You feel better.
The iguana is lightly wounded.
The iguana bites you.
* * * LOW HITPOINT WARNING * * *
You hit the iguana.
The iguana suddenly seems more agile.
Xom is amused.
The iguana is lightly wounded.
The iguana bites you!
* * * LOW HITPOINT WARNING * * *
Found 7 gold pieces.
It was a potion of mutation.
You feel extremely strange.
Your skin feels very cold.
You feel your magical essence link to the dungeon's wands.
Xom is highly amused!
You feel strong-willed.
You feel resistant to cold.
Xom thinks this is hilarious!
The iguana bites you.
You die...

### #.. #.# # #.#
.##.#####.########
......(..........$
#......l@..####
#######.###..#
........# ..#
#######.###.##
#.....# ###.###
#### #.# #....
#.####..#
#.##....#


You could see an iguana (agile).

Vanquished Creatures
  2 adders (D:2)
  A worm (D:2)
  2 dart slugs (D:2)
  2 orcs
  5 ball pythons
  11 endoplasms
  3 giant cockroaches
  6 goblins
  7 hobgoblins
  4 jackals
  A quokka (D:2)
  5 bats
  2 frilled lizards (D:2)
  4 kobolds
  2 rats (D:3)
57 creatures vanquished.

Notes
Turn   | Place    | Note
-------+----------+-------------------------------------------
     0 | D:1      | freelancePsychic the Demonspawn Chaos Knight began the
                  | quest for the Orb.
     0 | D:1      | Reached XP level 1. HP: 18/18 MP: 1/1
   364 | D:1      | XOM: silly message
   402 | D:1      | Gained mutation: You have a pair of small antennae on your
                  | head. [demonic ancestry]
   402 | D:1      | Reached XP level 2. HP: 23/24 MP: 2/2
   533 | D:1      | XOM: silly message
   768 | D:2      | XOM: potion effect (berserk rage)
   957 | D:2      | XOM: silly message
  1021 | D:2      | Gained mutation: Your demonic aura sometimes causes spilled
                  | blood to erupt in flames. [demonic ancestry]
  1021 | D:2      | Reached XP level 3. HP: 29/29 MP: 3/3
  1352 | D:2      | XOM: silly message
  1397 | D:2      | XOM: divination: detect creatures
  1673 | D:2      | XOM: smoke on damage
  1698 | D:2      | Reached skill level 4 in Fighting
  1702 | D:2      | Reached XP level 4. HP: 32/37 MP: 4/4
  1789 | D:2      | XOM: silly message
  1948 | D:2      | Found a faded altar of an unknown god.
  2116 | D:3      | Noticed Grinder
  2117 | D:3      | Paralysed by Grinder for 6 turns
  2121 | D:3      | XOM: divination: magic mapping
  2126 | D:3      | XOM: potion effect (brilliance)
  2369 | D:4      | XOM: potion effect (invisibility)
  2382 | D:4      | Gained mutation: A frigid envelope surrounds you and
                  | freezes all who hurt you. [potion of mutation]
  2382 | D:4      | Gained mutation: You expend magic power (3 MP) to
                  | strengthen your wands. [potion of mutation]
  2382 | D:4      | Gained mutation: You are strong-willed. (Will+) [potion of
                  | mutation]
  2382 | D:4      | Gained mutation: Your flesh is cold resistant. (rC+)
                  | [potion of mutation]
  2382 | D:4      | Slain by an iguana

Illustrated notes

Levels and vault maps discovered:
D:1:      shiori_arrival_elements, layout_basic, minmay_misc_feat_columns,
          chequers_serial_rivers_micro_d
D:2:      layout_basic, chequers_ecumenical_altar_lobes, minmay_heptomino_o4
D:3:      layout_rooms, uniq_grinder
D:4:      layout_loops_ring, minmay_temple_entry_glass, grunt_ministairs_8

Skill      XL: |  1  2  3 |
---------------+----------+-----
Maces & Flails | 3 |  3.6
Fighting       | 4 |  4.5
Armour         | |  1.7
Dodging        | |  0.8

Action                   |  1- 3 |  4- 6 || total
-------------------------+-------+-------++-------
Melee: Mace              |    99 |    50 ||   149
  Use: Scroll            |     4 |     5 ||     9
       Potion            |       |     1 ||     1
 Stab: Invisible         |       |     1 ||     1
       Sleeping          |       |     1 ||     1
Armor: Leather armour    |    51 |    12 ||    63
Dodge: Dodged            |    72 |    26 ||    98

Table legend: (Time is in decaauts)
 A = Elapsed time spent in this place.
 B = Non-inter-level travel time spent in this place.
 C = Inter-level travel time spent in this place.
 D = Time resting spent in this place.
 E = Time spent auto-exploring this place.
 F = Levels seen in this place.
 G = Mean time per level.
                   A        B        C        D        E       F      G
               +--------+--------+--------+--------+--------+-----+--------+
         Total |   2423 |   2355 |     68 |      0 |   1854 |   4 |  605.8 |
       Dungeon |   2423 |   2355 |     68 |      0 |   1854 |   4 |  605.8 |
               +--------+--------+--------+--------+--------+-----+--------+

Top non-repeatable levels by time:
     D:2: 1360 daAuts
     D:1: 741 daAuts
     D:3: 282 daAuts
     D:4: 39 daAuts
